 Dungeon Crawl Stone Soup version 0.29.1-15-g9cfb28693d (webtiles) character file.

Game seed: 17064993149252724340

1 hawla the Caller (level 1, 0/14 HPs)
             Began as a Meteoran Summoner on Apr 5, 2023.
             Succumbed to an adder's poison
             ... on level 3 of the Dungeon.
             The game lasted 00:01:04 (66 turns).

hawla the Caller (Meteoran Summoner)                  Turns: 66, Time: 00:01:05

Health: 0/14       AC:  2    Str:  9    XL:     1   Next: 28%
Magic:  3/5        EV: 12    Int: 16    God:
Gold:   12         SH:  0    Dex: 14    Spells: 4/5 levels left

rFire   . . .      SeeInvis .   (no weapon)
rCold   . . .      Faith    .   (no shield)
rNeg    . . .      Spirit   .   a - +0 robe
rPois   .          Reflect  .   (no helmet)
rElec   .          Harm     .   (no cloak)
rCorr   .          Rampage  .   (no gloves)
Will    .....                   (no boots)
Stlth   +.........              (no amulet)
HPRegen 0.04/turn               (no ring)
MPRegen 0.09/turn               (no ring)

@: lethally poisoned (0 -> -6), glowing
A: sense surroundings 1, otherworldly, glowing, explore regen
a: no special abilities


You were on level 3 of the Dungeon.
You visited 1 branch of the dungeon, and saw 3 of its levels.

You collected 12 gold pieces.

Inventory:

Armour
 a - a +0 robe (worn)
Potions
 b - a potion of magic


   Skills:
 + Level 2.4 Dodging
 - Level 1.4 Stealth
 + Level 2.7 Spellcasting
 + Level 4.9 Summonings


You had 4 spell levels left.
You knew the following spells:

 Your Spells              Type           Power      Damage    Failure   Level
a - Summon Small Mammal   Summ           68%        N/A       2%          1

Your spell library contained the following spells:

 Spells                   Type           Power      Damage    Failure   Level
 Call Imp                 Summ           17%        N/A       3%          2
 Call Canine Familiar     Summ           17%        N/A       8%          3
 Summon Guardian Golem    Hex/Summ       10%        N/A       22%         3
 Summon Lightning Spire   Summ/Air       10%        N/A       56%         4


Dungeon Overview and Level Annotations

Branches:
Dungeon (2/15) Zot: 1734

Altars:


Innate Abilities, Weirdness & Mutations

You passively map a small area around you.
You are easily found by Zot.
You glow in the dark.
You regain HP and MP as you explore.


Message History

You are poisoned.
The adder poisons you!
Your rat barely misses the adder.
It was a potion of curing.
You feel better. The adder misses you. The adder bites you.
Your rat bites the adder but does no damage.
Casting: Summon Small Mammal (safe; 2% risk of failure)
Confirm with . or Enter, or press ? or * to list all spells.
The adder bites you.
Your rat bites the adder.
The adder attacks as you move away! The adder bites you.
Your bat closely misses the adder.
What are your orders? t - Shout!
Orders for allies: a - Attack new target. r - Retreat! s - Stop attacking. g - Guard the area. f - Follow me.
Anything else - Cancel.
Gang up on whom?
Press: ? - help, Dir - move target, f - adder
Aim: an adder (moderately wounded, ally target) Attack!
Your bat hits the adder but does no damage.
The adder closely misses you.
Your bat misses the adder. The adder closely misses you.
Your rat misses the adder.
Your bat hits the adder but does no damage.
The adder attacks as you move away! The adder closely misses you.
Your bat misses the adder. You closely miss the adder.
The adder is moderately wounded.
Your bat closely misses the adder.
The adder closely misses you.
Your bat hits the adder but does no damage.
Your rat bites the adder.
You closely miss the adder.
The adder is severely wounded.
Your bat hits the adder. The adder bites you.
You are lethally poisoned!
The adder poisons you! The adder bites you.
* * * LOW HITPOINT WARNING * * *
Your rat barely misses the adder.
Okay, then.
You die...

##.#..#...#.##. , , ,
.#####............. ,
.......#.....######.
...................., ,
............###..## * ,
............#...## * ,
,..........#...### **.
,,
.......##.#.rb..###....
.......*#....S.@....#
.................#### *
##.#...####...!.## * *
..#.#. * #.....# ,
#.....# * , , * #.....#
, ** * #.#.### #.#. , *


You could see an adder (ally target), a friendly bat (summoned) and a friendly
rat (summoned).

Vanquished Creatures (collateral kills)
  A bat (D:3)
1 creature vanquished.

Notes
Turn   | Place    | Note
-------+----------+-------------------------------------------
     0 | D:1      | hawla the Meteoran Summoner began the quest for the Orb.
     0 | D:1      | Reached XP level 1. HP: 14/14 MP: 5/5
    19 | D:2      | You fall into a shaft and drop 1 floor!
    66 | D:3      | Succumbed to an adder's poison

Illustrated notes

Levels and vault maps discovered:
D:1:      minmay_arrival_jagged, layout_loops_corners,
          shapermc_ecumenical_altar_mp_vishouse, minmay_tromino_v4_b
D:2:      layout_rooms, serial_shops, nicolae_shop_trees,
          minmay_misc_feat_enclosed, serial_bayou_pond_b, uniq_robin
D:3:      layout_rooms

Action                   || total
-------------------------++-------
Melee: Unarmed           ||    10
 Cast: Summon Small Mamm ||     5
  Use: Potion            ||     1
Armor: Robe              ||     1
Dodge: Dodged            ||    12
